 Dungeon Crawl Stone Soup version 0.27-a0-836-gfc908b8576 (webtiles) character file.

Game seed: 5632983412546292864

484 frogmouthbird the Cleaver (level 7, -4/58 HPs)
             Began as a Hill Orc Fighter on Apr 1, 2021.
             Was a Follower of Okawaru.
             Killed from afar by Ijyb (12 damage)
             ... with a bolt of acid
             ... on level 5 of the Dungeon.
             The game lasted 00:06:46 (5060 turns).

frogmouthbird the Cleaver (Hill Orc Fighter)        Turns: 5060, Time: 00:06:46

Health: -4/58      AC:  4    Str: 20    XL:     7   Next: 12%
Magic:  7/7        EV:  7    Int:  9    God:    Okawaru [*.....]
Gold:   263        SH: 16    Dex: 10    Spells: 6/6 levels left

rFire    + . .     SeeInvis .   a - +0 war axe
rCold    + . .     Faith    .   m - +2 kite shield
rNeg     . . .     Spirit   .   b - +0 scale mail
rPois    +         Reflect  +   (no helmet)
rElec    +         Harm     .   (no cloak)
rCorr    +         Rampage  .   (no gloves)
Will     .....                  r - +0 pair of boots
Stlth    ..........             g - amulet of reflection
HPRegen  0.19/turn              (no ring)
MPRegen  0.10/turn              (no ring)

@: resistant, corroded
A: no striking features
a: Renounce Religion, Heroism


You were on level 5 of the Dungeon.
You worshipped Okawaru.
Okawaru was aware of your devotion.
You visited 1 branch of the dungeon, and saw 5 of its levels.
You also visited: Sewer.

You collected 263 gold pieces.

Inventory:

Hand Weapons
 a - a +0 war axe (weapon)
Armour
 b - a +0 scale mail (worn)
 m - a +2 kite shield (worn)
 r - a +0 pair of boots (worn)
Jewellery
 g - an amulet of reflection (around neck)
Wands
 d - a wand of polymorph (9)
Scrolls
 e - 3 scrolls of teleportation
 h - a scroll of amnesia
 j - 4 scrolls of fear
 l - 3 scrolls of vulnerability
 p - 2 scrolls of identify
Potions
 c - a potion of ambrosia {unknown}
 f - a potion of resistance
 i - 4 potions of curing
 k - a potion of attraction {unknown}
 n - 2 potions of degeneration {unknown}
 o - a potion of heal wounds {unknown}
 q - 2 potions of flight
 s - a potion of invisibility {unknown}


   Skills:
 - Level 3.6 Fighting
 * Level 9.7 Axes
 - Level 3.3 Armour
 - Level 3.3 Shields


You had 6 spell levels left.
You didn't know any spells.
Your spell library contained the following spells:

 Spells                   Type           Power      Damage    Failure   Level
 Beastly Appendage        Tmut           0%         N/A       99%         1
 Wereblood                Tmut           0%         N/A       100%        2
 Spider Form              Tmut/Pois      0%         N/A       100%        3
 Ice Form                 Ice/Tmut       0%         N/A       100%        4
 Hydra Form               Tmut           0%         N/A       100%        5


Dungeon Overview and Level Annotations

Branches:
Dungeon (5/15)              Sewer (visited)
 Temple: D:4-7

Altars:
Ashenzari
Okawaru
Ru
Sif Muna

Shops:
D:3 [   D:4 :

Annotations:
D:5 Ijyb


Message History

The phantom hits you but does no damage.
You block the phantom's attack.
You closely miss the phantom.
The phantom is severely damaged.
The phantom hits you but does no damage.
You slash the phantom!
You destroy the phantom!
Okawaru accepts your kill.
You have reached level 7!
HP restored.
f - 2 grey potions
j - 4 scrolls of fear (gained 1) Ijyb the Twisted Goblin comes into view.
She is wielding a +2 dagger of electrocution and carrying a wand of acid (7).
Ijyb shouts!
Found a scroll of fear.
Ijyb is nearby!
Ijyb is nearby!
Found a hardcover book.
You block Ijyb's attack.
You closely miss Ijyb.
Ijyb hits you with a +2 dagger of electrocution.
You are electrocuted!
You closely miss Ijyb. You block Ijyb's attack.
Ijyb screams, "I cut your head off!" Ijyb hits you but does no damage.
It was a potion of resistance.
You feel protected. You block Ijyb's attack.
Your shield prevents you from hitting Ijyb.
Ijyb zaps a wand.
The bolt of acid hits you! You resist.
You are splashed with acid!
You resist.
You hit Ijyb but do no damage.
Ijyb zaps a wand.
The bolt of acid hits you! You resist.
* * * LOW HITPOINT WARNING * * *
The acid corrodes you!
You are splashed with acid!
You resist.
* * * LOW HITPOINT WARNING * * *
You barely miss Ijyb. You block Ijyb's attack. x2
You hit Ijyb but do no damage.
Ijyb zaps a wand.
The bolt of acid hits you! You resist.
You die...

#...).........#$.#,,,,,,,,,,,,,
**#..........#......,,,,,,,,,>,,,
,#.............##*,*,,,,,,,,,,,,,
......#.##.#....##,#,,,,,,,,,,***
##..#...##.......#.#*,,,,,,,,,* *
##.#...####...#..$##,,,,,,,*,***
#.....[.......##..##..,*,,,,,,,
*###.##.##....##...:..**,,,,,,*
*,,,#.......@....#*,***,*,,,*
********###......g...#*,,**>*,,**
,,,,,*∩** #.....#....#**,**,,,,*
****,*+***###....#....#*,**,,*,**
***,,,,,.?.#...#.....,,,,,,,,*
*,,,*#####...#.....,**,,,>,*
*,,,,,,,,.....,...#,**,,,,,*
*,*******###..,....,,*,,,,,* *,*
**,,,,,,,,,,,,****


You could see Ijyb.

Vanquished Creatures
  A water moccasin (D:4)
  A phantom (D:5)
  A centaur zombie (D:5)
  A hound (D:4)
  4 gnolls
  5 adders
  An adder skeleton (D:4)
  9 worms
  2 dart slugs (D:2)
  An orc (D:3)
  14 endoplasms
  6 giant cockroaches
  9 goblins
  6 hobgoblins
  12 jackals
  6 kobolds
  6 quokkas
  9 ball pythons
  12 bats
  4 frilled lizards
  5 rats
115 creatures vanquished.

Vanquished Creatures (others)
  3 plants (D:5)
3 creatures vanquished.

Grand Total: 118 creatures vanquished

Notes
Turn   | Place    | Note
-------+----------+-------------------------------------------
     0 | D:1      | frogmouthbird the Hill Orc Fighter began the quest for the
                  | Orb.
     0 | D:1      | Reached XP level 1. HP: 19/19 MP: 1/1
    38 | D:1      | Reached skill level 3 in Axes
    41 | D:1      | Reached XP level 2. HP: 21/27 MP: 2/2
   311 | D:1      | Reached skill level 4 in Axes
   331 | D:1      | Reached XP level 3. HP: 32/33 MP: 3/3
   394 | D:1      | You fall into a shaft and drop 1 floor!
   410 | D:2      | Found a broken altar of Ashenzari.
   505 | D:2      | Reached skill level 5 in Axes
   579 | D:2      | Found an iron altar of Okawaru.
   599 | D:2      | Became a worshipper of Warmaster Okawaru
   969 | D:2      | Reached XP level 4. HP: 40/40 MP: 4/4
  1219 | D:2      | Found a faded altar of an unknown god.
  1362 | D:2      | Found a sacrificial altar of Ru.
  2021 | D:3      | Reached skill level 6 in Axes
  2124 | D:3      | Found a glowing drain.
  2128 | Sewer    | Entered a sewer
  2133 | Sewer    | Reached XP level 5. HP: 34/46 MP: 5/5
  2744 | Sewer    | Reached skill level 7 in Axes
  3108 | D:3      | Found Ecy Raxt's Armour Shoppe.
  4133 | D:4      | Noticed a water moccasin
  4143 | D:4      | Killed a water moccasin
  4144 | D:4      | Reached skill level 8 in Axes
  4144 | D:4      | Reached XP level 6. HP: 26/52 MP: 6/6
  4332 | D:4      | Found Zosi's Book Shoppe.
  4472 | D:4      | Reached skill level 9 in Axes
  4568 | D:4      | Found a shimmering blue altar of Sif Muna.
  4873 | D:4      | Reached * piety under Okawaru
  4966 | D:5      | Entered Level 5 of the Dungeon
  5022 | D:5      | Reached XP level 7. HP: 54/58 MP: 7/7
  5050 | D:5      | Noticed Ijyb
  5060 | D:5      | Killed from afar by Ijyb

Illustrated notes

Levels and vault maps discovered:
D:1:      nicolae_arrival_washed_ashore, layout_rooms
D:2:      layout_loops_corners, nicolae_ashenzari_panopticon,
          nicolae_ru_awakened_eye, chequers_ecumenical_altar_grove,
          okawaru_ov_weapons_minmay
D:3:      layout_loops_ring, gup_sewer_entry_spiral, serial_shops,
          shop_fountains
D:4:      layout_basic, nicolae_overflow_hidden_temple, serial_shops, shop_coins
D:5:      layout_rooms, serial_shops, nicolae_shop_window_shopping,
          gammafunk_ghost_grave, guppyfry_early_lair_pool, uniq_ijyb

Skill      XL: |  1  2  3  4  5  6 |
---------------+-------------------+-----
Axes           | 3 4 5 6 8 9 |  9.7
Fighting       | |  3.6
Armour         | |  3.3
Shields        | |  3.3

Action                   |  1- 3 |  4- 6 |  7- 9 || total
-------------------------+-------+-------+-------++-------
Melee: War axe           |    88 |   288 |     6 ||   382
  Use: Potion            |       |     4 |     1 ||     5
       Scroll            |       |     7 |       ||     7
Armor: Scale mail        |    44 |    95 |     1 ||   140
Dodge: Dodged            |    19 |    62 |       ||    81
Block: Kite shield       |    65 |   257 |     5 ||   327
       Reflection        |       |     1 |       ||     1

Table legend: (Time is in decaauts)
 A = Elapsed time spent in this place.
 B = Non-inter-level travel time spent in this place.
 C = Inter-level travel time spent in this place.
 D = Time resting spent in this place.
 E = Time spent auto-exploring this place.
 F = Levels seen in this place.
 G = Mean time per level.
                   A        B        C        D        E       F      G
               +--------+--------+--------+--------+--------+-----+--------+
         Total |   5386 |   5324 |     62 |    815 |   3380 |   6 |  897.7 |
       Dungeon |   4353 |   4291 |     62 |    593 |   2908 |   5 |  870.6 |
         Sewer |   1033 |   1033 |      0 |    222 |    472 |   1 | 1033.0 |
               +--------+--------+--------+--------+--------+-----+--------+

Top non-repeatable levels by time:
     D:3: 1523 daAuts
     D:2: 1074 daAuts
   Sewer: 1033 daAuts
     D:4: 934 daAuts
     D:1: 720 daAuts
     D:5: 99 daAuts
